 Dungeon Crawl Stone Soup version 0.14-a0-2124-ga163777 (webtiles) character file.

145 Jenx the Poker (level 4, -2/33 HPs)
             Began as a Merfolk Gladiator on Jan 27, 2014.
             Slain by a phantom (7 damage)
             ... on Level 3 of the Dungeon.
             The game lasted 00:04:35 (2111 turns).

Jenx the Poker (Merfolk Gladiator)                  Turns: 2111, Time: 00:04:35

HP  -2/33        AC  4     Str 15      XL: 4   Next: 71%
MP   4/4         EV 13     Int  8      God:
Gold 47          SH  0     Dex 14      Spells:  0 memorised,  3 levels left

rFire  . . .     SeeInvis .     a - +0 trident
rCold  . . .     Clarity  .     b - +0 leather armour
rNeg   . . .     Conserve .     (no shield)
rPois  .         rCorr    .     c - +0 helmet
rElec  .         rRot     .     (no cloak)
SustAb + .       Spirit   .     (no gloves)
rMut   .         Warding  .     (no boots)
Saprov . . .     Stasis   .     (no amulet)
MR     .....                    (no ring)
                                h - ring of sustain abilities {unknown}

@: not resistant to hostile enchantments, unstealthy
A: change form in water, swift swim
a: no special abilities


You were on level 3 of the Dungeon.
You were not hungry.

You visited 1 branch of the dungeon, and saw 3 of its levels.

You collected 47 gold pieces.

Inventory:

Hand weapons
 a - a +0,+0 trident (weapon)
 v - a +0,+0 short sword of speed
 z - a +1,+0 whip of pain
Missiles
 d - a throwing net [torn] (quivered)
 y - a throwing net [frayed]
Armour
 b - a +0 leather armour (worn)
 c - a +0 helmet (worn)
Magical devices
 g - a wand of digging (11) {unknown}
Comestibles
 f - a bread ration
 k - a pear
 B - a chunk of adder flesh
 C - a chunk of worm flesh
 D - a chunk of rat flesh
Scrolls
 i - 2 scrolls of identify {unknown}
 j - 2 scrolls of noise {unknown}
 m - a scroll of curse weapon {unknown}
 n - 3 scrolls of remove curse {unknown}
 q - 3 scrolls of recharging {unknown}
 r - a scroll of amnesia {unknown}
 t - 4 scrolls of teleportation {unknown}
 u - a scroll of random uselessness {unknown}
 x - a scroll of blinking {unknown}
Jewellery
 h - a ring of sustain abilities (left hand) {unknown}
Potions
 e - 2 potions of flight {unknown}
 l - 2 potions of restore abilities {unknown}
 o - 2 potions of brilliance {unknown}
 p - 2 potions of curing {unknown}
 s - a potion of resistance {unknown}
 w - a potion of paralysis {unknown}
 A - a potion of heal wounds {unknown}


   Skills:
 - Level 2.1 Fighting
 * Level 7.7 Polearms
 - Level 2.0 Throwing
 - Level 4.0 Dodging


You had 3 spell levels left.
You didn't know any spells.

Dungeon Overview and Level Annotations

Branches:
Dungeon (3/16)

Altars:
Xom


Message History

The phantom is moderately damaged.
The phantom hits you.
The phantom blinks!
You see here a scratched coral ring.
You closely miss the phantom.
The phantom is moderately damaged.
The phantom barely misses you.
You hit the phantom.
The phantom is heavily damaged.
The phantom closely misses you.
You closely miss the phantom.
The phantom is heavily damaged.
The phantom hits you.
* * * LOW HITPOINT WARNING * * *
You puncture the phantom!
The phantom is severely damaged.
The phantom closely misses you.
You closely miss the phantom.
The phantom is severely damaged.
The phantom hits you!
You die...

#+#+###########
#..............
#.#####.##.........#
..............@.....+
..#####.#....p..$..#
######.#..........#
#......#...########
#...#.###### #..
#.#....# #. #.#.##.#
+ #.#..#.# #.##.#.#


You could see a phantom.

Vanquished Creatures
  Jessica (D:2)
  Terence (D:2)
  3 adders
  A worm (D:3)
  A giant gecko (D:2)
  An ooze (D:1)
  2 ball pythons
  2 giant cockroaches
  6 goblins
  3 hobgoblins
  3 kobolds
  6 bats
  6 rats
36 creatures vanquished.

Notes
Turn   | Place    | Note
--------------------------------------------------------------
     0 | D:1      | Jenx, the Merfolk Gladiator, began the quest for the Orb.
     0 | D:1      | Reached XP level 1. HP: 16/16 MP: 1/1
   272 | D:1      | Reached skill level 5 in Polearms
   369 | D:1      | Reached XP level 2. HP: 22/22 MP: 2/2
   713 | D:2      | Reached skill level 6 in Polearms
   713 | D:2      | Reached XP level 3. HP: 27/27 MP: 3/3
   974 | D:2      | Noticed Terence
   993 | D:2      | Killed Terence
  1522 | D:2      | Noticed Jessica
  1528 | D:2      | Killed Jessica
  1528 | D:2      | Reached skill level 7 in Polearms
  1528 | D:2      | Reached XP level 4. HP: 28/33 MP: 4/4
  1951 | D:3      | Found a shimmering altar of Xom.
  2087 | D:3      | Noticed a phantom
  2111 | D:3      | Slain by a phantom

Action                   |  1- 3 |  4- 6 || total
-------------------------+-------+-------++-------
Melee: Trident           |   104 |    47 ||   151
Throw: Throwing net      |     4 |       ||     4
 Stab: Held in net/web   |     2 |       ||     2
       Sleeping          |       |     1 ||     1
